 Dungeon Crawl Stone Soup version 0.21.0-3-g78d12a8 (webtiles) character file.

125 pstr the Digger (level 5, -9/43 HPs)
             Began as a Naga Earth Elementalist on Jan 16, 2018.
             Mangled by microfolk's ghost (13 damage)
             ... on level 3 of the Dungeon.
             The game lasted 00:06:23 (2716 turns).

pstr the Digger (Naga Earth Elementalist)           Turns: 2716, Time: 00:06:23

Health: -9/43      AC:  2    Str: 10    XL:     5   Next: 9%
Magic:  0/9        EV: 10    Int: 16    God:
Gold:   115        SH:  0    Dex: 12    Spells: 6/10 levels left

rFire    . . .     SeeInvis +   j - +0 falchion
rCold    . . .     Gourm    .   (no shield)
rNeg     . . .     Faith    .   c - +0 robe
rPois    +         Spirit   .   (no helmet)
rElec    .         Reflect  .   (no cloak)
rCorr    .         Harm     .   (no gloves)
MR       .....                  (no barding)
Stlth    ++........             (no amulet)
HPRegen  0.14/turn              (no ring)
MPRegen  0.11/turn              (no ring)

@: very slow
A: large, see invisible, deformed body, poison resistance, slowness 2, slow
metabolism 1, spit poison 1, AC +1
a: Spit Poison


You were on level 3 of the Dungeon.
You were not hungry.

You visited 1 branch of the dungeon, and saw 3 of its levels.

You collected 115 gold pieces.

Inventory:

Hand Weapons
 j - a +0 falchion (weapon)
Missiles
 b - 91 stones (quivered)
Armour
 c - a +0 robe (worn)
 g - a +0 leather armour
 n - a +0 pair of boots
Scrolls
 a - a scroll of immolation {unknown}
 f - a scroll of remove curse {unknown}
 h - 3 scrolls of identify {unknown}
Potions
 k - a potion of heal wounds {unknown}
 m - a potion of lignification {unknown}
Books
 e - a book of Geomancy

   Spells                             Type                      Level
   a - Sandblast                      Earth                        1
   b - Passwall                       Transmutation/Earth          2
   c - Stone Arrow                    Conjuration/Earth            3
   d - Petrify                        Transmutation/Earth          4
   e - Lee's Rapid Deconstruction     Earth                        5
Comestibles
 d - 2 rations


   Skills:
 + Level 0.9 Fighting
 + Level 2.0 Dodging
 + Level 3.1 Stealth
 + Level 3.1 Spellcasting
 + Level 0.9 Conjurations
   Level 1.0 Transmutations
 + Level 4.2 Earth Magic


You had 6 spell levels left.
You knew the following spells:

 Your Spells              Type           Power        Failure   Level  Hunger
a - Sandblast             Erth           ###...       3%          1    #......
b - Stone Arrow           Conj/Erth      ##....       19%         3    ###....


Dungeon Overview and Level Annotations

Branches:
Dungeon (3/15)

Altars:
Makhleb
Ru
Wu Jian

Annotations:
D:3 microfolk's ghost, amateur TrFi


Innate Abilities, Weirdness & Mutations

You cannot wear boots.
Your serpentine skin is tough. (AC +1)
You have supernaturally acute eyesight. (SInv)
Armour fits poorly on your strangely shaped body.
Your system is resistant to poisons. (rPois)
You cover ground very slowly.
You have a slow metabolism.
You can spit poison.


Message History

Aiming: Sandblast
Press: ? - help, Shift-Dir - straight line, f/p - microfolk's ghost
Aim: microfolk's ghost (severely damaged)
The blast of sand hits microfolk's ghost.
Microfolk's ghost is severely damaged.
b - 91 stones Microfolk's ghost hits you.
You hit microfolk's ghost.
Microfolk's ghost is severely damaged.
Microfolk's ghost hits you. Microfolk's ghost closely misses you.
You riposte.
You barely miss microfolk's ghost.
Microfolk's ghost is severely damaged.
You hit microfolk's ghost but do no damage.
Microfolk's ghost is severely damaged.
Microfolk's ghost hits you!
* * * LOW HITPOINT WARNING * * *
You hit microfolk's ghost.
Microfolk's ghost is almost destroyed.
Microfolk's ghost hits you!
You die...

..........##########
#.######### #.# #.#
#.# #.# #### #.####.#
#... #...)..##########
#... ######...W@.....#
#...
##########.#########.#
#...........#
#############


You could see microfolk's ghost.

Vanquished Creatures
  An orc wizard (D:3)
  3 adders (D:2)
  3 dart slugs
  3 leopard geckos
  2 orcs (D:3)
  A ball python (D:1)
  3 giant cockroaches
  4 goblins (D:2)
  6 hobgoblins
  6 jackals
  5 kobolds
  3 quokkas (D:2)
  7 bats
  5 frilled lizards
  4 rats
56 creatures vanquished.

Notes
Turn   | Place    | Note
-------+----------+-------------------------------------------
     0 | D:1      | pstr the Naga Earth Elementalist began the quest for the Orb.
     0 | D:1      | Reached XP level 1. HP: 15/15 MP: 3/3
   272 | D:1      | Reached XP level 2. HP: 22/22 MP: 3/5
   908 | D:2      | Reached XP level 3. HP: 26/28 MP: 0/6
   929 | D:2      | Learned a level 3 spell: Stone Arrow
  1254 | D:2      | Found a burning altar of Makhleb.
  1254 | D:2      | Found an ornate altar of the Wu Jian Council.
  1622 | D:2      | Reached XP level 4. HP: 35/37 MP: 0/7
  1752 | D:2      | Reached skill level 4 in Earth Magic
  2108 | D:2      | Found a sacrificial altar of Ru.
  2425 | D:3      | Reached XP level 5. HP: 16/43 MP: 0/9
  2696 | D:3      | Noticed microfolk's ghost (amateur TrFi)
  2716 | D:3      | Mangled by microfolk's ghost

Skill      XL: |  1  2  3  4 |
---------------+-------------+-----
Earth Magic    | 4 |  4.2
Dodging        | 2 |  2.0
Spellcasting   | 3 |  3.1
Fighting       | |  0.9
Stealth        | |  3.1
Conjurations   | |  0.9
Transmutations | |  1.0

Action                   |  1- 3 |  4- 6 || total
-------------------------+-------+-------++-------
Melee: Unarmed           |     1 |       ||     1
       Falchion          |       |     9 ||     9
 Cast: Sandblast         |    40 |    25 ||    65
       Stone Arrow       |    12 |    11 ||    23
 Abil: Spit Poison       |    10 |     6 ||    16
  Use: Potion            |       |     3 ||     3
  Eat: Chunk             |     3 |     2 ||     5
       Ration            |       |     1 ||     1
Armor: Robe              |    13 |     5 ||    18
Dodge: Dodged            |    21 |    18 ||    39
       Rpst.: Falchion   |       |     3 ||     3
